 Dungeon Crawl Stone Soup version 0.21.1-1-g345015f (webtiles) character file.

23971 Vasilisck the Severer (level 13, -5/124 HPs)
             Began as a Hill Orc Monk on May 25, 2018.
             Was the Champion of Beogh.
             Killed from afar by a molten gargoyle (22 damage)
             ... with a bolt of magma
             ... in a volcano on May 26, 2018.
             The game lasted 01:14:46 (18080 turns).

Vasilisck the Severer (Hill Orc Monk)              Turns: 18080, Time: 01:14:47

Health: -5/124     AC: 15    Str: 28    XL:     13   Next: 10%
Magic:  13/13      EV: 11    Int: 10    God:    Beogh [******]
Gold:   916        SH: 13    Dex: 19    Spells: 12/12 levels left

rFire    . . .     SeeInvis .   j - +3 falchion of Esoah {freeze, Str+4 Dex+4}
rCold    + + .     Gourm    .   O - +0 shield
rNeg     . . .     Faith    .   r - +2 scale mail {rC+}
rPois    .         Spirit   .   u - +0 helmet
rElec    .         Reflect  .   (no cloak)
rCorr    .         Harm     .   e - +0 pair of gloves
MR       .....                  y - +0 pair of boots
Stlth    +.........             f - amulet of magic regeneration
HPRegen  0.30/turn              k - ring of protection from cold
MPRegen  0.38/turn              x - +2 ring of dexterity

@: mighty, berserk cooldown, slowed, very slow
A: walk on water
a: Smiting, Recall Orcish Followers, Give Item to Named Follower, Resurrection,
Renounce Religion


You were in a volcano.
You worshipped Beogh.
Beogh was exalted by your worship.
You were not hungry.

You visited 3 branches of the dungeon, and saw 16 of its levels.
You visited the Abyss 1 time.
You also visited: Volcano.

You collected 916 gold pieces.

Inventory:

Hand Weapons
 a - a +0 hand axe
 j - the +3 falchion of Esoah (weapon) {freeze, Str+4 Dex+4}
   (You found it on level 2 of the Lair of Beasts)

   It has been specially enchanted to freeze those struck by it, causing extra
   injury to most foes and up to half again as much damage against particularly
   susceptible opponents.
   It can also slow down cold-blooded creatures.
   It affects your strength (+4).
   It affects your dexterity (+4).
 t - a +5 war axe of flaming
 E - a +0 shortbow
 M - a +3 war axe
 R - the cursed +1 trident "Qigh" {vamp, +Inv rElec rC- Str+4}
   (You found it on level 10 of the Dungeon)

   It inflicts no extra harm, but heals its wielder when it wounds a living foe.
   It affects your strength (+4).
   It makes you vulnerable to cold.
   It insulates you from electricity.
   It lets you turn invisible.
   It has a curse placed upon it.
 W - a +0 flail of crushing
Missiles
 F - 295 arrows
Armour
 b - a +0 robe
 e - a +0 pair of gloves (worn)
 l - a +0 buckler
 m - a +0 leather armour
 r - a +2 scale mail of cold resistance (worn)
 u - a +0 helmet (worn)
 y - a +0 pair of boots (worn)
 K - the +0 pair of gloves of the Ant {rCorr Slay-3 SInv}
   (You found it on level 8 of the Dungeon)

   It affects your accuracy and damage with ranged weapons and melee attacks
   (-3).
   It lets you see invisible.
   It protects you from acid and corrosion.
 O - a +0 shield (worn)
Jewellery
 f - an amulet of magic regeneration (around neck)
 h - an uncursed ring of resist corrosion
 k - a ring of protection from cold (left hand)
 x - a +2 ring of dexterity (right hand)
 A - an uncursed ring of wizardry
 S - an uncursed ring of ice
Wands
 p - a wand of iceblast (10)
 q - a wand of polymorph (16)
 s - a wand of acid (10)
 z - a wand of flame (20)
 D - a wand of clouds (4)
 L - a wand of disintegration (10)
 V - a wand of random effects (13)
Scrolls
 d - 11 scrolls of identify
 g - 2 scrolls of teleportation
 C - 3 scrolls of remove curse
 I - 2 scrolls of fog
 J - a scroll of enchant armour
 N - a scroll of blinking
 P - a scroll of holy word
 T - a scroll of fear
Potions
 i - 2 potions of magic
 o - a potion of brilliance {unknown}
 v - 4 potions of lignification
 H - 2 potions of agility
 U - a potion of curing
Books
 w - a book of Misfortune

   Spells                             Type                      Level
   a - Confusing Touch                Hexes                        1
   b - Confuse                        Hexes                        3
   c - Gell's Gravitas                Translocation                3
   d - Petrify                        Transmutation/Earth          4
   e - Metabolic Englaciation         Hexes/Ice                    5
   f - Yara's Violent Unravelling     Hexes/Transmutation          5
 B - a Young Poisoner's Handbook

   Spells                             Type                      Level
   a - Sting                          Conjuration/Poison           1
   b - Poisonous Vapours              Poison/Air                   2
   c - Mephitic Cloud                 Conjuration/Poison/Air       3
   d - Olgreb's Toxic Radiance        Poison                       4
   e - Venom Bolt                     Conjuration/Poison           5
 G - a book of Maledictions

   Spells                             Type                      Level
   a - Corona                         Hexes                        1
   b - Ensorcelled Hibernation        Hexes/Ice                    2
   c - Confuse                        Hexes                        3
   d - Tukima's Dance                 Hexes                        3
   e - Dazzling Spray                 Conjuration/Hexes            3
Comestibles
 c - 21 rations


   Skills:
 - Level 14.0 Fighting
 + Level 2.8 Long Blades
 - Level 15.0 Axes
 - Level 12.0 Armour
 - Level 2.4 Dodging
 - Level 1.5 Stealth
 - Level 8.9 Shields


You had 12 spell levels left.
You didn't know any spells.

Dungeon Overview and Level Annotations

Branches:
Dungeon (11/15)            Temple (1/1) D:5            Lair (4/6) D:10
  Swamp (0/4) Lair:2       Spider (0/4) Lair:3          Orc (0/2) D:11

Altars:
Ashenzari
Cheibriados
Dithmenos
Elyvilon
Fedhas
Gozag
Hepliaklqana
Kikubaaqudgha
Makhleb
Nemelex Xobeh
Okawaru
Qazlal
Ru
Sif Muna
Trog
Uskayaw
Vehumet
Wu Jian
Xom
Yredelemnul
Zin
The Shining One

Shops:
D:8 *


Message History

* * * LOW HITPOINT WARNING * * *
You are engulfed in flames!
* * * LOW HITPOINT WARNING * * *
You feel better.
You block the molten gargoyle's attack. x2
You slash the molten gargoyle! You freeze the molten gargoyle.
The molten gargoyle is heavily damaged.
The molten gargoyle hits you but does no damage.
You slash the molten gargoyle! You freeze the molten gargoyle.
The molten gargoyle is severely damaged.
The molten gargoyle hits you with a flail.
* * * LOW HITPOINT WARNING * * *
You are engulfed in flames!
* * * LOW HITPOINT WARNING * * *
The molten gargoyle misses you.
You riposte.
You completely miss the molten gargoyle.
The molten gargoyle is severely damaged.
You feel better.
The molten gargoyle blasts magma at you!
The bolt of magma hits you!
You die...

##...#...##
##'###'###
#...≈≈##..#
#.≈≈≈≈≈##.###
..≈≈≈≈§###...#
###.≈≈≈≈###.###
#..≈≈≈##.##
##..§##..#
#)@## #9##
##...# ....#
≈≈≈≈... ≈k≈≈≈..
≈k≈≈≈≈. §§§≈..#
§≈§.###


You could see a molten gargoyle.

Vanquished Creatures
  Erolcha (D:11)
  3 hydras
  3 unseen horrors (D:10)
  Pikel (D:9)
  2 oklob plants (Lair:1)
  A wolf spider (Lair:3)
  A cyclops (D:7)
  The ghost of diana the Ruffian, a novice TrMo (D:6)
  2 molten gargoyles (Volcano)
  A spiny frog (Lair:1)
  2 jumping spiders (Lair:3)
  3 hornets
  2 hippogriffs
  2 dream sheep (Lair:4)
  A fire elemental (Volcano)
  13 yaks
  2 hungry ghosts
  3 insubstantial wisps (Lair:2)
  6 water moccasins
  A soldier ant (D:8)
  3 porcupines
  A black bear (D:6)
  An ice beast (D:9)
  2 slaves (D:9)
  A hornet zombie (D:6)
  4 ogres
  2 necrophages
  3 sky beasts
  4 centaurs
  4 wolves (Lair:1)
  5 crocodiles
  Blork the orc (D:4)
  2 big kobolds
  6 bullfrogs
  A small abomination (Abyss:1)
  A scorpion (D:6)
  10 killer bees
  4 wights
  4 howler monkeys
  4 crimson imps
  4 centaur zombies
  2 bullfrog zombies
  3 quasits
  4 jellies
  An orc priest (D:4)
  2 bullfrog skeletons
  A gnoll shaman (D:8)
  Jessica (D:3)
  3 iguanas
  4 orc wizards
  7 worker ants
  A hound skeleton (D:6)
  A mummy (D:7)
  Robin (D:3)
  A worker ant zombie (D:6)
  7 gnolls
  6 adders
  3 shadow imps
  An ooze (D:2)
  4 adder skeletons
  4 worms
  3 dart slugs
  8 leopard geckos
  13 orcs
  7 bats
  10 giant cockroaches
  14 goblins
  10 hobgoblins
  9 jackals
  11 kobolds
  2 quokkas
  A ball python (D:5)
  5 frilled lizards
  A jackal skeleton (D:5)
  A quokka skeleton (D:4)
  9 rats
  A butterfly (D:5)
  A fungus (Lair:2)
  2 plants (Lair:1)
283 creatures vanquished.

Vanquished Creatures (collateral kills)
  Fannar (Lair:1)
  Erica (D:11)
  2 two-headed ogres
  2 black mambas
  4 spiny frogs
  4 komodo dragons
  A troll (D:10)
  2 dream sheep (Lair:4)
  3 blink frogs (Lair:3)
  4 hippogriffs
  A vampire (D:9)
  7 yaks
  Menkaure (D:7)
  An insubstantial wisp (Lair:2)
  A water moccasin (Lair:4)
  An ice beast (D:10)
  2 sky beasts
  2 porcupines
  An eye of draining (D:9)
  2 phantoms
  2 necrophages
  A wolf (Lair:1)
  2 centaurs
  3 crocodiles
  2 bullfrogs
  5 killer bees (D:7)
  7 wights
  A howler monkey (D:7)
  2 crimson imps (D:7)
  2 hounds
  An orc wizard (D:11)
  A centaur skeleton (D:9)
  2 worker ants
  A hound zombie (D:8)
  An orc (D:7)
  A bush (Lair:1)
  3 fungi
  2 plants
82 creatures vanquished.

Vanquished Creatures (others)
  A slave (D:9)
  An orc warrior (D:9)
  2 ogres
  2 orc wizards
  An earth elemental (Volcano)
  A jelly (D:9)
  An adder skeleton (D:4)
  12 orcs
  A kobold (D:9)
  2 fungi (Lair:2)
24 creatures vanquished.

Grand Total: 389 creatures vanquished

Notes
Turn   | Place    | Note
-------+----------+-------------------------------------------
     0 | D:1      | Vasilisck the Hill Orc Monk began the quest for the Orb.
     0 | D:1      | Reached XP level 1. HP: 19/19 MP: 1/1
   426 | D:1      | Reached XP level 2. HP: 18/27 MP: 2/2
   629 | D:1      | Reached XP level 3. HP: 27/34 MP: 3/3
  1442 | D:2      | Found a deep blue altar of Sif Muna.
  1540 | D:2      | Reached skill level 5 in Axes
  1559 | D:2      | Noticed an ogre
  1600 | D:1      | Killed an ogre
  1600 | D:1      | Reached skill level 1 in Armour
  1600 | D:1      | Reached skill level 1 in Shields
  1600 | D:1      | Reached XP level 4. HP: 14/41 MP: 4/4
  1600 | D:1      | Reached XP level 5. HP: 16/47 MP: 5/5
  1817 | D:2      | Reached skill level 5 in Fighting
  2426 | D:2      | Noticed an air elemental
  2428 | D:2      | Found a stormy altar of Qazlal.
  2430 | D:2      | Noticed a water elemental
  2430 | D:2      | Noticed a fire elemental
  2752 | D:3      | You fall through a shaft!
  2752 | D:4      | Found a deep blue altar of Sif Muna.
  2752 | D:4      | Noticed Blork the orc
  2805 | D:4      | Became a worshipper of Beogh the Brigand
  2805 | D:4      | Reached * piety under Beogh
  2805 | D:4      | Reached ** piety under Beogh
  2806 | D:4      | Found a burning altar of Makhleb.
  2859 | D:4      | Killed an ogre
  3068 | D:3      | Noticed Jessica
  3073 | D:3      | Killed Jessica
  3211 | D:3      | Noticed Robin
  3216 | D:3      | Reached XP level 6. HP: 56/56 MP: 6/6
  3236 | D:3      | Killed Robin
  3689 | D:4      | Reached skill level 6 in Axes
  3788 | D:4      | Found an ornate altar of the Wu Jian Council.
  4169 | D:5      | Entered Level 5 of the Dungeon
  4169 | D:5      | Found a staircase to the Ecumenical Temple.
  4184 | Temple   | Entered the Ecumenical Temple
  4408 | D:5      | Found a shimmering altar of Xom.
  4486 | D:5      | Reached XP level 7. HP: 34/62 MP: 7/7
  4862 | D:5      | Found a shattered altar of Ashenzari.
  4968 | D:5      | Reached skill level 7 in Axes
  4973 | D:5      | Reached *** piety under Beogh
  5483 | D:5      | Found a hide-covered altar of Uskayaw.
  5483 | D:5      | Found an iron altar of Okawaru.
  5601 | D:6      | Reached XP level 8. HP: 67/71 MP: 8/8
  5614 | D:6      | Noticed diana's ghost (novice TrMo)
  5620 | D:6      | Killed diana's ghost
  5635 | D:6      | Reached skill level 8 in Axes
  5635 | D:6      | Reached skill level 5 in Armour
  5635 | D:6      | Reached skill level 5 in Shields
  5671 | D:6      | Got an ancient long sword
  5672 | D:6      | Identified the +8 long sword of the New World {drain, rF+ MR- Dex+5} (You found it on level 6 of the Dungeon)
  6187 | D:7      | Reached XP level 9. HP: 76/81 MP: 9/9
  6217 | D:7      | Noticed a cyclops
  6710 | D:7      | Reached skill level 9 in Axes
  6879 | D:7      | Identified a scroll of acquirement
  6886 | D:7      | Killed a cyclops
  6915 | D:7      | Noticed Menkaure
  6919 | D:7      | Killed Menkaure
  7200 | D:7      | Reached **** piety under Beogh
  7330 | D:7      | Gained Bladwarg as an ally
  7341 | D:7      | Reached skill level 10 in Axes
  7787 | D:7      | Found an ancient bone altar of Kikubaaqudgha.
  8304 | D:4      | Killed Blork the orc
  8431 | D:8      | Found a radiant altar of Vehumet.
  8445 | D:8      | Reached XP level 10. HP: 85/91 MP: 10/10
  8470 | D:8      | Found Gozag's Platinum Reserve.
  8489 | D:8      | Found an opulent altar of Gozag.
  8619 | D:8      | Paralysed by a hornet for 2 turns
  8622 | D:8      | Paralysed by a hornet for 3 turns
  9038 | D:8      | Reached skill level 10 in Fighting
  9045 | D:8      | Found a blossoming altar of Fedhas.
  9166 | D:8      | Got a pair of steaming gloves
  9177 | D:8      | Identified the +0 pair of gloves of the Ant {rCorr Slay-3 SInv} (You found it on level 8 of the Dungeon)
  9275 | D:8      | Paralysed by a hornet for 2 turns
  9487 | D:9      | Reached skill level 11 in Axes
  9495 | D:9      | Noticed Pikel
  9503 | D:9      | Gained Zartorak as an ally
  9504 | D:9      | Killed Pikel
  9827 | D:9      | Reached ***** piety under Beogh
 10218 | D:9      | Found a sparkling altar of Nemelex Xobeh.
 10232 | D:9      | Found a hazy altar of Hepliaklqana.
 10236 | D:9      | Found a stormy altar of Qazlal.
 10534 | D:9      | Reached skill level 12 in Axes
 10534 | D:9      | Reached XP level 11. HP: 97/102 MP: 11/11
 10635 | D:9      | Noticed a two-headed ogre
 10644 | D:9      | Killed a two-headed ogre
 10717 | D:10     | Entered Level 10 of the Dungeon
 10737 | D:10     | Got a crystal trident
 10738 | D:10     | Identified the cursed +1 trident "Qigh" {vamp, +Inv rElec rC- Str+4} (You found it on level 10 of the Dungeon)
 10852 | D:10     | Found a staircase to the Lair.
 10949 | D:10     | Noticed a two-headed ogre
 10951 | D:10     | Killed an unseen horror
 10959 | D:10     | Killed a two-headed ogre
 11314 | D:10     | Killed an unseen horror
 11314 | D:10     | Reached skill level 10 in Armour
 11733 | D:10     | Killed an unseen horror
 11755 | D:10     | Reached skill level 13 in Axes
 11995 | D:11     | Noticed Erica
 12001 | D:11     | Killed Erica
 12359 | D:11     | Found a staircase to the Orcish Mines.
 12483 | D:11     | Noticed Erolcha
 12484 | D:11     | Cast into level 1 of the Abyss (Erolcha)
 12495 | Abyss:1  | Noticed a large abomination
 12554 | Abyss:1  | Noticed a reaper
 12663 | Abyss:1  | Noticed a wretched star
 12676 | D:11     | Escaped the Abyss
 12747 | D:11     | Killed Erolcha
 13648 | Lair:1   | Entered Level 1 of the Lair of Beasts
 13718 | Lair:1   | Reached XP level 12. HP: 97/113 MP: 12/12
 13747 | Lair:1   | Noticed Fannar
 13758 | Lair:1   | Killed Fannar
 14040 | Lair:1   | Noticed a five-headed hydra
 14046 | Lair:1   | Killed a two-headed hydra
 14178 | Lair:1   | Reached skill level 14 in Axes
 15265 | Lair:2   | Gained Arbolt as an ally
 15295 | Lair:2   | Got an ancient falchion
 15296 | Lair:2   | Identified the +3 falchion of Esoah {freeze, Str+4 Dex+4} (You found it on level 2 of the Lair of Beasts)
 15400 | Lair:2   | Found a staircase to the Swamp.
 15616 | Lair:2   | Noticed a four-headed hydra
 15624 | Lair:2   | Killed a one-headed hydra
 16252 | Lair:3   | Noticed a six-headed hydra
 16265 | Lair:3   | Killed a four-headed hydra
 16859 | Lair:3   | Found a hole to the Spider Nest.
 16954 | Lair:3   | Reached skill level 15 in Axes
 17442 | Lair:4   | Reached ****** piety under Beogh
 17447 | Lair:4   | Reached XP level 13. HP: 113/124 MP: 13/13
 17542 | Lair:4   | Found a dark tunnel.
 17553 | Volcano  | Entered a volcano
 17568 | Volcano  | Reached skill level 1 in Long Blades
 18080 | Volcano  | Killed from afar by a molten gargoyle

Skill      XL: |  1  2  3  4  5  6  7  8  9 10 11 12 13 |
---------------+----------------------------------------+-----
Fighting       | 4 5 6 7 9 11 12 14 | 14.0
Axes           | 5 6 7 8 10 12 13 15 | 15.0
Armour         | 1 2 3 4 5 7 9 11 12 | 12.0
Shields        | 1 2 3 4 5 6 8 |  8.9
Long Blades    | 2 |  2.8
Dodging        | |  2.4
Stealth        | |  1.5

Action                   |  1- 3 |  4- 6 |  7- 9 | 10-12 | 13-15 || total
-------------------------+-------+-------+-------+-------+-------++-------
Melee: Hand axe          |   134 |   200 |       |       |       ||   334
       War axe           |       |    27 |   219 |   467 |    11 ||   724
       Falchion          |       |       |       |       |    36 ||    36
 Fire: Shortbow          |       |       |    18 |       |       ||    18
Invok: Convert to Beogh  |       |     1 |       |       |       ||     1
       Smiting           |       |     1 |       |       |       ||     1
       Recall Orcish Fol |       |       |       |     5 |     1 ||     6
       Stop Recall       |       |       |       |     4 |       ||     4
       Give Item to Name |       |       |       |     3 |       ||     3
  Use: Scroll            |     3 |     9 |     6 |    12 |       ||    30
       Potion            |     2 |       |     2 |     6 |     7 ||    17
 Stab: Fleeing           |     2 |       |       |       |       ||     2
       Sleeping          |       |     3 |       |       |       ||     3
       Distracted        |       |     1 |     1 |     2 |       ||     4
  Eat: Chunk             |     2 |     8 |     6 |    10 |       ||    26
       Ration            |       |       |     2 |     7 |     1 ||    10
Armor: Robe              |    12 |       |       |       |       ||    12
       Leather armour    |    17 |    19 |       |       |       ||    36
       Plate armour      |       |    10 |       |       |       ||    10
       Scale mail        |       |    30 |   108 |   190 |     6 ||   334
Dodge: Dodged            |    80 |   100 |   131 |   145 |    14 ||   470
Block: Buckler           |     7 |    29 |    50 |    34 |       ||   120
       Shield            |       |       |       |   143 |    21 ||   164
       Rpst.: Falchion   |       |       |       |       |     4 ||     4
